 Dungeon Crawl Stone Soup version 0.14-a0-155-gd989017 (webtiles) character file.

215 Malachi the Insei (level 4, 0/34 HPs)
             Began as a Demonspawn Monk on Oct 4, 2013.
             Killed by nerve-wracking pain
             ... invoked by Grinder
              (3 damage)
             ... on Level 3 of the Dungeon.
             The game lasted 00:04:08 (2208 turns).

Malachi the Insei (Demonspawn Monk)                 Turns: 2208, Time: 00:04:09

HP   0/34        AC  5     Str 13      XL: 4   Next: 31%
MP   0/3         EV 14     Int 11      God:
Gold 126         SH  0     Dex 15      Spells:  0 memorised,  3 levels left

Res.Fire  : x . .   See Invis. : .     - Unarmed
Res.Cold  : + . .   Warding    : .   a - +0 robe
Life Prot.: + . .   Conserve   : .   (no shield)
Res.Poison: .       Res.Corr.  : .   q - +0 spiked helmet
Res.Elec. : .       Clarity    : .   (no cloak)
Sust.Abil.: . .     Spirit.Shd : +   (no gloves)
Res.Mut.  : .       Stasis     : .   (no boots)
Res.Rott. : .       Flight     : .   (no amulet)
Saprovore : . . .                    h - ring of ice
                                     e - ring of positive energy

@: slightly resistant to hostile enchantments, fairly stealthy
A: claws 1, magic shield, AC +2
a: no special abilities


You were on level 3 of the Dungeon.
You were hungry.

You visited 1 branch of the dungeon, and saw 3 of its levels.

You collected 126 gold pieces.

Inventory:

Armour
 a - a +0 robe (worn)
 q - a +0 spiked helmet (worn)
Comestibles
 b - 2 bread rations
 r - an apple
 v - a meat ration
 A - a beef jerky
Scrolls
 d - 4 scrolls of identify
 f - a scroll of curse weapon {unknown}
 j - a scroll of curse jewellery {unknown}
 l - a scroll of remove curse {unknown}
 m - a scroll of fear {unknown}
 n - 2 scrolls of random uselessness {unknown}
 s - 2 scrolls of amnesia {unknown}
 x - a scroll of fog {unknown}
 y - a scroll of enchant weapon II {unknown}
 z - a scroll of enchant weapon I {unknown}
Jewellery
 e - a ring of positive energy (left claw)
 h - a ring of ice (right claw)
Potions
 g - a potion of magic {unknown}
 i - 2 potions of curing
 k - a potion of beneficial mutation {unknown}
 o - a potion of restore abilities {unknown}
 p - a potion of confusion {unknown}
 t - a potion of poison {unknown}
 u - a potion of paralysis {unknown}
 w - a potion of slowing {unknown}


   Skills:
 + Level 3.5 Fighting
 + Level 3.6 Dodging
 + Level 2.0 Stealth
 + Level 4.2 Unarmed Combat


You had 3 spell levels left.
You didn't know any spells.

Dungeon Overview and Level Annotations

Branches:
Dungeon (3/27)

Altars:
Kikubaaqudgha

Annotations:
D:3 Grinder


Innate Abilities, Weirdness & Mutations

You have sharp fingernails.
You are partially covered in slimy green scales (AC +2).
When hurt, damage is shared between your health and your magic reserves.


Message History

You resist. Grinder gestures at you.
You suddenly lose the ability to move!
You can move again.
Grinder grins, showing sharp teeth.
Grinder gestures at you. You resist. Grinder gestures at you.
Pain shoots through your body!
* * * LOW HITPOINT WARNING * * *
Read which item? (? for menu, Esc to quit)
As you read the scroll labeled FRIESE CAGE, it crumbles to dust.
Nothing appears to happen.
You feel a little less mighty now. Grinder gestures at you. You resist.
Grinder says, "DUCK!"
Grinder gestures at you. Pain shoots through your body!
You die...

#.# #^..... #5.......##
#.######## ###.....####.####.####
#......... ..................# #
.######################...#######
.# #....5......######.#[...(( .#
#.#########............... .#
#.#.#...# ########..#####.
.#######...#.#5##### #......#[
...........#.#..@..# ###.###.#.
########...#5#####.##......... #.
# #.#.#.# ..........# #. #
#.#.#.# #.........# #. # #.#.#.#
#.........#### # #.#.#.#
#...........#. # #.#.#.#####
#.......##.#.
########.#.......#######.......#.
.................................


You could see Grinder.

Vanquished Creatures
  Jessica (D:2)
  A giant mite (D:1)
  An inept feature mimic (D:2)
  A worm (D:2)
  2 giant geckos
  An orc (D:3)
  3 ball pythons
  5 bats
  4 giant cockroaches
  8 goblins
  6 hobgoblins
  A jackal (D:1)
  6 kobolds
  2 quokkas
  3 giant newts
  2 rats (D:1)
47 creatures vanquished.

Notes
Turn   | Place    | Note
--------------------------------------------------------------
     0 | D:1      | Malachi, the Demonspawn Monk, began the quest for the Orb.
     0 | D:1      | Reached XP level 1. HP: 16/16 MP: 0/0
   305 | D:1      | Gained mutation: When hurt, damage is shared between your health and your magic reserves. [demonic ancestry]
   305 | D:1      | Reached XP level 2. HP: 19/22 MP: 1/1
   789 | D:1      | Reached skill level 4 in Unarmed Combat
   828 | D:1      | Gained mutation: You are partially covered in slimy green scales (AC +2). [demonic ancestry]
   828 | D:1      | Reached XP level 3. HP: 14/28 MP: 2/2
   994 | D:2      | Noticed Jessica
  1007 | D:2      | Killed Jessica
  1276 | D:2      | Gained mutation: You have sharp fingernails. [demonic ancestry]
  1276 | D:2      | Reached XP level 4. HP: 21/34 MP: 1/3
  1927 | D:3      | Found an ancient bone altar of Kikubaaqudgha.
  2122 | D:3      | Noticed Grinder
  2122 | D:3      | Paralysed by Grinder for 5 turns
  2133 | D:3      | Paralysed by Grinder for 5 turns
  2141 | D:3      | Paralysed by Grinder for 6 turns
  2171 | D:3      | Paralysed by Grinder for 3 turns
  2191 | D:3      | HP: 1/34 [Grinder/nerve-wracking pain (7)]
  2208 | D:3      | Killed from afar by Grinder

Action                   |  1- 3 |  4- 6 || total
-------------------------+-------+-------++-------
Melee: Unarmed           |   136 |    62 ||   198
  Use: Scroll            |     1 |     1 ||     2
       Potion            |       |     2 ||     2
 Stab: Sleeping          |       |     1 ||     1
